 Dungeon Crawl Stone Soup version 0.30-a0-743-gbfdf073431 (webtiles) character file.

Game seed: 9610967601415757302

1128 cheesebisquit the Geomancer (level 8, 0/41 HPs)
             Began as a Gargoyle Earth Elementalist on Feb 7, 2023.
             Slain by a komodo dragon (16 damage)
             ... on level 6 of the Dungeon.
             The game lasted 00:12:31 (4972 turns).

cheesebisquit the Geomancer (GrEE)                  Turns: 4972, Time: 00:12:31

Health: 0/41       AC: 11    Str:  8    XL:     8   Next: 35%
Magic:  0/17       EV: 10    Int: 20    God:
Gold:   344        SH:  3    Dex: 10    Spells: 15/19 levels left

rFire   . . .      SeeInvis .    z - +11 mace of the Philosopher {venom, +Blink rPois Str-5}
rCold   . . .      Faith    .    A - +0 buckler
rNeg    + . .      Spirit   +    c - +0 leather armour
rPois   ∞          Reflect  .    e - +0 helmet
rElec   +          Harm     .    (no cloak)
rCorr   .          Rampage  .    (no gloves)
Will    .....                    v - +1 pair of boots "Vefeu" {Int+3}
Stlth   ++                       h - amulet of guardian spirit
HPRegen 0.26/turn                (no ring)
MPRegen 0.15/turn                (no ring)

@: no status effects
A: sickness immunity, AC +5, negative energy resistance 1, electricity
resistance, torment resistance 1, petrification resistance
a: Evoke Blink


You were on level 6 of the Dungeon.
You visited 2 branches of the dungeon, and saw 7 of its levels.

You collected 344 gold pieces.

Inventory:

Hand Weapons
 f - a +1 quarterstaff
 z - the +11 mace of the Philosopher (weapon) {venom, +Blink rPois Str-5}
   (You took it off a centaur on level 5 of the Dungeon)

   Str:       It affects your strength (-5).
   rPois:     It protects you from poison.
   +Blink:    It lets you blink.
Missiles
 j - a throwing net
 y - 6 datura-tipped darts
Armour
 a - a +0 robe
 c - a +0 leather armour (worn)
 e - a +0 helmet (worn)
 k - a +0 ring mail
 v - the +1 pair of boots "Vefeu" (worn) {Int+3}
   (You acquired it on level 3 of the Dungeon)

   Int:       It affects your intelligence (+3).
 A - a +0 buckler (worn)
Jewellery
 h - an amulet of guardian spirit (around neck)
Wands
 B - a wand of iceblast (3)
Scrolls
 i - a scroll of poison
 l - a scroll of fear
 m - 2 scrolls of enchant weapon
 n - 3 scrolls of teleportation
 x - a scroll of immolation
Potions
 b - 2 potions of magic
 d - a potion of brilliance
 g - a potion of invisibility {unknown}
 o - a potion of berserk rage {unknown}
 p - 2 potions of heal wounds {unknown}
 q - a potion of attraction {unknown}
 r - 3 potions of curing
 s - a potion of cancellation {unknown}
 t - 4 potions of haste
 u - 4 potions of lignification
 w - 3 potions of flight
 C - 2 potions of degeneration {unknown}


   Skills:
 - Level 1.7 Dodging
 - Level 2.4 Stealth
 + Level 6.4 Spellcasting
 - Level 1.0 Transmutations
 + Level 8.9 Earth Magic


You had 15 spell levels left.
You knew the following spells:

 Your Spells              Type           Power      Damage    Failure   Level
a - Sandblast             Erth           84%        2d18      1%          1
b - Stone Arrow           Conj/Erth      48%        3d10      10%         3

Your spell library contained the following spells:

 Spells                   Type           Power      Damage    Failure   Level
 Passwall                 Tmut/Erth      21%        N/A       4%          2
 Slow                     Hex            24%        N/A       21%         1
 Summon Small Mammal      Summ           24%        N/A       21%         1
 Petrify                  Tmut/Erth      26%        N/A       26%         4
 Ensorcelled Hibernation  Hex/Ice        12%        N/A       30%         2
 Static Discharge         Conj/Air       12%        2-3/arc   30%         2
 Spider Form              Tmut/Pois      8%         N/A       43%         3
 Call Canine Familiar     Summ           6%         N/A       52%         3
 Confusing Touch          Hex            6%         N/A       52%         3
 Summon Guardian Golem    Hex/Summ       6%         N/A       52%         3
 Vampiric Draining        Necr           6%         2d6       52%         3
 Vhi's Electric Charge    Tloc/Air       12%        N/A       52%         3
 Anguish                  Hex/Necr       3%         N/A       89%         4
 Arcjolt                  Conj/Air       3%         1d13      99%         5
 Lightning Bolt           Conj/Air       3%         1d14      99%         5
 Yara's Violent Unravell  Hex/Tmut       4%         3d4       99%         5
 Enfeeble                 Hex            3%         N/A       100%        7


Dungeon Overview and Level Annotations

Branches:
Dungeon (6/15)             Temple (1/1) D:5

Altars:
Ashenzari
Cheibriados
Dithmenos
Elyvilon
Kikubaaqudgha
Makhleb
Okawaru
Ru
Sif Muna
Trog
Uskayaw
Yredelemnul
The Shining One
Lugonu

Shops:
D:6 ?


Innate Abilities, Weirdness & Mutations

You are immune to sickness and miasma.
Your stone body is resilient. (AC +5)
You are immune to poison.
You resist negative energy. (rN+)
You are resistant to electric shocks. (rElec)
You are resistant to unholy torment.
You are immune to petrification.


Message History

You kill the ogre!
A komodo dragon comes into view.
The komodo dragon hisses angrily.
Things that are here:
a +0 giant spiked club; an ogre corpse The blast of sand hits the komodo dragon!
The komodo dragon is lightly wounded.
The blast of sand hits the komodo dragon!
The komodo dragon is heavily wounded.
The blast of sand hits the komodo dragon!
The komodo dragon is heavily wounded.
The komodo dragon bites you.
The blast of sand hits the komodo dragon but does no damage.
The komodo dragon is heavily wounded.
The komodo dragon bites you!! The komodo dragon barely misses you.
You are too injured to fight recklessly!
Aiming: Sandblast (safe; 1% risk of failure)
Press: ? - help, Q - select action, (/) - cycle Shift-Dir - straight line, f/p - komodo dragon
Aim: a komodo dragon (heavily wounded, 89% to hit)
The blast of sand hits the komodo dragon but does no damage.
The komodo dragon is heavily wounded.
The komodo dragon completely misses you.
Aiming: Sandblast (safe; 1% risk of failure)
Press: ? - help, Q - select action, (/) - cycle Shift-Dir - straight line, f/p - komodo dragon
Aim: a komodo dragon (heavily wounded, 89% to hit)
The blast of sand hits the komodo dragon.
The komodo dragon is severely wounded.
The komodo dragon misses you. x2
Aiming: Sandblast (safe; 1% risk of failure)
Press: ? - help, Q - select action, (/) - cycle Shift-Dir - straight line, f/p - komodo dragon
Aim: a komodo dragon (severely wounded, 89% to hit)
The blast of sand hits the komodo dragon.
The komodo dragon is severely wounded.
The komodo dragon barely misses you.
Aiming: Sandblast (safe; 1% risk of failure)
Press: ? - help, Q - select action, (/) - cycle Shift-Dir - straight line, f/p - komodo dragon
Aim: a komodo dragon (severely wounded, 89% to hit)
The blast of sand misses the komodo dragon.
The komodo dragon bites you! x2
You die...

#....... #<#.....
#...#... #...#...
### #####.## #..
.#.......##
#.#####....#########
#)#.l.∩.............
#######.#@#
.....#....
#.........#
..........
#.#####.###
....#..... #.#
.[..#..... #.#
.##.##.... #.#
#.##.... #.#
#.####.#
#.###########..###.#
#...............##.#


You could see a komodo dragon.

Vanquished Creatures
  A water moccasin (D:6)
  A black bear (D:6)
  An ice beast (D:5)
  A centaur (D:5)
  An ogre (D:6)
  2 phantoms
  A necrophage (D:5)
  2 hounds
  A jelly (D:6)
  3 iguanas
  3 orc wizards
  10 adders
  An ufetubus (D:6)
  2 worms (D:2)
  5 dart slugs
  11 orcs
  7 bats
  5 endoplasms
  3 giant cockroaches
  4 goblins (D:3)
  11 hobgoblins
  4 quokkas
  14 ball pythons
  4 frilled lizards
  6 kobolds
  9 rats
113 creatures vanquished.

Vanquished Creatures (others)
  7 fungi (D:3)
  4 toadstools (D:3)
11 creatures vanquished.

Grand Total: 124 creatures vanquished

Notes
Turn   | Place    | Note
-------+----------+-------------------------------------------
     0 | D:1      | cheesebisquit the Gargoyle Earth Elementalist began the
                  | quest for the Orb.
     0 | D:1      | Reached XP level 1. HP: 10/10 MP: 3/3
   162 | D:1      | Reached skill level 1 in Transmutations
   162 | D:1      | Reached XP level 2. HP: 15/15 MP: 3/5
   336 | D:1      | Reached skill level 4 in Earth Magic
   632 | D:1      | Reached XP level 3. HP: 19/19 MP: 2/6
  1113 | D:2      | Reached XP level 4. HP: 24/24 MP: 4/8
  1567 | D:3      | Found a snail-covered altar of Cheibriados.
  1661 | D:3      | Identified a scroll of acquirement
  1661 | D:3      | Acquired the +1 pair of boots "Vefeu" {Int+3}
  1729 | D:3      | Reached skill level 5 in Earth Magic
  1744 | D:3      | Learned a level 3 spell: Stone Arrow
  1972 | D:3      | Reached XP level 5. HP: 28/28 MP: 7/10
  2139 | D:3      | Identified the +9 dagger "Essi" {flame, rPois rN+ Will+
                  | Int-5}
  2362 | D:4      | Found an ancient bone altar of Kikubaaqudgha.
  2564 | D:4      | Noticed a phantom
  2569 | D:4      | Killed a phantom
  2570 | D:4      | Reached skill level 6 in Earth Magic
  2570 | D:4      | Reached XP level 6. HP: 30/32 MP: 5/12
  3363 | D:5      | Entered Level 5 of the Dungeon
  3531 | D:5      | Identified the +11 mace of the Philosopher {venom, +Blink
                  | rPois Str-5}
  3536 | D:5      | Reached skill level 7 in Earth Magic
  3536 | D:5      | Reached XP level 7. HP: 30/36 MP: 7/14
  3540 | D:5      | Reached skill level 5 in Spellcasting
  3735 | D:5      | Found an iron altar of Okawaru.
  3985 | D:5      | Found a staircase to the Ecumenical Temple.
  3993 | Temple   | Entered the Ecumenical Temple
  4510 | D:6      | Reached skill level 8 in Earth Magic
  4510 | D:6      | Reached XP level 8. HP: 40/41 MP: 11/16
  4777 | D:6      | Found a sacrificial altar of Ru.
  4853 | D:6      | Found a hide-covered altar of Uskayaw.
  4945 | D:6      | Found Tiokoz's Magic Scroll Boutique.
  4962 | D:6      | Noticed a komodo dragon
  4972 | D:6      | Slain by a komodo dragon

Illustrated notes

Levels and vault maps discovered:
D:1:      tarquinn_simple_flora_water_b, layout_rooms
D:2:      layout_rooms, supply_closet_lemuel, solitary_fountain,
          kennysheep_generic_room_9
D:3:      minmay_razor_zed, layout_rooms,
          mainiacjoe_overflow_concentric_impassable, hangedman_decor_riveting,
          minmay_gold_behind_fungi
D:4:      layout_basic, mainiacjoe_overflow_boulevard
D:5:      layout_gridville, okawaru_ov_weapons_minmay,
          minmay_temple_entry_large_hall, chequers_hall_statues_corner_a
D:6:      layout_basic, kennysheep_mini_moat,
          nicolae_ru_great_annihilating_truth, serial_shops, shop
Temple:   corrupted_temple

Skill      XL: |  1  2  3  4  5  6  7  8 |
---------------+-------------------------+-----
Transmutations | 1 |  1.0
Earth Magic    | 4 5 6 7 8 |  8.9
Spellcasting   | 3 4 5 6 |  6.4
Dodging        | |  1.7
Stealth        | |  2.4

Action                     |  1- 3 |  4- 6 |  7- 9 || total
---------------------------+-------+-------+-------++-------
  Melee: Short sword       |    12 |       |       ||    12
   Cast: Sandblast         |    49 |    82 |    50 ||   181
    Use: Scroll            |       |    14 |       ||    14
 Armour: Leather armour    |    14 |    16 |     9 ||    39
         Skin              |     1 |       |       ||     1
  Dodge: Dodged            |    23 |    19 |    17 ||    59
  Block: Buckler           |       |       |     2 ||     2

Table legend: (Time is in decaauts)
 A = Elapsed time spent in this place.
 B = Non-inter-level travel time spent in this place.
 C = Inter-level travel time spent in this place.
 D = Time resting spent in this place.
 E = Time spent auto-exploring this place.
 F = Levels seen in this place.
 G = Mean time per level.
                   A        B        C        D        E       F      G
               +--------+--------+--------+--------+--------+-----+--------+
         Total |   5065 |   4960 |    105 |     62 |   4124 |   7 |  723.6 |
       Dungeon |   5013 |   4918 |     95 |     62 |   4099 |   6 |  835.5 |
        Temple |     51 |     41 |     10 |      0 |     25 |   1 |   51.0 |
               +--------+--------+--------+--------+--------+-----+--------+

Top non-repeatable levels by time:
     D:5: 1024 daAuts
     D:4: 1012 daAuts
     D:3: 935 daAuts
     D:2: 755 daAuts
     D:1: 718 daAuts
     D:6: 568 daAuts
  Temple: 51 daAuts
